 Dungeon Sprint DCSS version 0.31-a0-37-g98a128e1d9 (webtiles) character file.

Game seed: 3463023614307112591

0 Elsrick the Charlatan (level 1, -3/10 HPs)
             Began as a Spriggan Artificer on May 16, 2023.
             Slain by a river rat (9 damage)
             ... in the Dungeon (Sprint IV: "Fedhas' Mad Dash").
             The game lasted 00:00:23 (17 turns).

Elsrick the Charlatan (Spriggan Artificer)            Turns: 17, Time: 00:00:23

Health: -3/10      AC:  2    Str:  8    XL:     1   Next: 8%
Magic:  2/2        EV: 17    Int: 12    God:
Gold:   0          SH:  0    Dex: 15    Spells: 0/0 levels left

rFire   . . .        a - +0 club
rCold   . . .        (no shield)
rNeg    . . .        b - +0 robe
rPois   .            (helmet restricted)
rElec   .            (no cloak)
rCorr   .            (gloves unavailable)
SInv    +            (boots unavailable)
Will    .....        (no amulet)
Stlth   ++           (no ring)
HPRegen 0.21/turn    (no ring)
MPRegen 0.08/turn

%: no teleportation
@: very quick
A: very small, no large weapons, unfitting armour, see invisible, speed 3
a: no special abilities


You were in the Dungeon.
You visited 1 branch

Inventory:

Hand Weapons
 a - a +0 club (weapon)
Armour
 b - a +0 robe (worn)
Wands
 c - a wand of flame (14) (quivered)
 d - a wand of charming (15)
 e - a wand of iceblast (5)
Scrolls
 k - a scroll of blinking
Potions
 f - a potion of curing
 g - a potion of heal wounds
 h - a potion of haste
 i - 2 potions of magic
 j - a potion of berserk rage


   Skills:
 + Level 1.5 Fighting
 + Level 3.2 Dodging
 + Level 1.5 Stealth
 + Level 4.0 Evocations


You couldn't memorise any spells.
You didn't know any spells.
Your spell library was empty.

Dungeon Overview and Level Annotations

Branches:
Dungeon (1/1)

Altars:


Innate Abilities, Weirdness & Mutations

You are very small and have problems with some larger weapons.
You are too small for most types of armour.
You have supernaturally acute eyesight. (SInv)
You cover ground extremely quickly. (Speed+++)


Message History

Found a glowing ring mail.
Aiming: Throw Flame
Press: ? - help, Shift-Dir - straight line, f - rat
Aim: a rat (71% to hit)
The puff of flame misses the rat.
There is an open door here.
You hit the rat.
You kill the rat!
Your Fighting skill increases to level 1!
Things that are here:
a +0 ring mail of willpower; a rat corpse You hit the river rat.
The river rat is lightly wounded.
The river rat misses you.
You hit the river rat but do no damage.
The river rat is lightly wounded.
The river rat misses you.
You closely miss the river rat.
The river rat is lightly wounded.
The river rat closely misses you. The river rat completely misses you.
You hit the river rat but do no damage.
The river rat is lightly wounded.
The river rat closely misses you.
You closely miss the river rat.
The river rat is lightly wounded.
The river rat misses you.
You hit the river rat.
The river rat is heavily wounded.
The river rat bites you. The river rat misses you.
You closely miss the river rat. Your punch misses the river rat.
The river rat is heavily wounded.
The river rat barely misses you.
You closely miss the river rat.
The river rat is heavily wounded.
The river rat bites you.
You hit the river rat.
The river rat is heavily wounded.
The river rat closely misses you. The river rat bites you!
Ouch! That really hurt!
You die...

############
#<..P#.....#
#PP..'.@r..+
#PPPP#.....#
############


You could see a river rat.

Vanquished Creatures
  A rat (D)
1 creature vanquished.

Notes
Turn   | Place    | Note
-------+----------+-------------------------------------------
     0 | D        | Elsrick the Spriggan Artificer began the quest for the Orb.
     0 | D        | Reached XP level 1. HP: 9/9 MP: 2/2
     8 | D        | Reached skill level 1 in Fighting
    17 | D        | Slain by a river rat

Illustrated notes

Levels and vault maps discovered:
D:        dungeon_sprint_fedhas [sprint_temple]

Skill      XL: |  1 |
---------------+----+-----
Fighting       | 1 |  1.5
Dodging        | |  3.2
Stealth        | |  1.5
Evocations     | |  4.0

Action                     || total
---------------------------++-------
  Melee: Club              ||    10
  Evoke: Wand              ||     1
  Dodge: Dodged            ||     9

Table legend: (Time is in decaauts)
 A = Elapsed time spent in this place.
 B = Non-inter-level travel time spent in this place.
 C = Inter-level travel time spent in this place.
 D = Time resting spent in this place.
 E = Time spent auto-exploring this place.
 F = Levels seen in this place.
 G = Mean time per level.
                   A        B        C        D        E       F      G
               +--------+--------+--------+--------+--------+-----+--------+
         Total |     17 |     17 |      0 |      0 |      0 |   1 |   17.0 |
       Dungeon |     17 |     17 |      0 |      0 |      0 |   1 |   17.0 |
               +--------+--------+--------+--------+--------+-----+--------+

Top non-repeatable levels by time:
       D: 17 daAuts
